 Dungeon Crawl Stone Soup version 0.31.0-32-g396128a36d (webtiles) character file.

Game seed: 8840662963382004163

2675 monsoonserge the Grappler (level 9, -4/102 HPs)
             Began as a Gnoll Shapeshifter on Mar 16, 2024.
             Was an Initiate of Wu Jian.
             Slain by a gnoll
             ... wielding a +0 halberd
             ... led by a gnoll bouda
              (9 damage)
             ... on level 6 of the Dungeon.
             The game lasted 00:18:51 (6414 turns).

monsoonserge the Grappler (Gnoll Shapeshifter)      Turns: 6414, Time: 00:18:52

Health: -4/102     AC: 24    Str: 17    XL:     9   Next: 64%
Magic:  15/15      EV:  2    Int: 10    God:    Wu Jian [......]
Gold:   519        SH:  0    Dex: 18    Spells: 17/17 levels left

rFire   . .          .
                       - Unarmed
rCold   . . .        (no shield)
rNeg    . . .        B - melded +3 chain mail {rF+}
rPois   +            (helmet currently unavailable)
rElec   .            (cloak currently unavailable)
rCorr   .            (gloves currently unavailable)
SInv    .            (boots currently unavailable)
Will    .....        (no amulet)
Stlth   +++          w - ring of flight
HPRegen 0.37/turn    A - +6 ring of dexterity
MPRegen 0.14/turn

%: no passive effects
@: tree-form, attractive, studying Shields
A: stationary, stasis, torment immunity, boosted hp, (fangs 1), strong nose,
distributed training
a: Renounce Religion


You were on level 6 of the Dungeon.
You worshipped Wu Jian.
Wu Jian was noncommittal.
You were a tree.
You visited 1 branch of the dungeon, and saw 6 of its levels.

You collected 519 gold pieces.

Inventory:

Missiles
 g - a poisoned dart (quivered)
 t - 4 boomerangs
 y - 2 throwing nets
Armour
 i - a +0 ring mail
 j - a +0 leather armour
 q - a +2 robe of cold resistance
 B - a +3 chain mail of fire resistance (melded)
Magical Staves
 p - a staff of air
Jewellery
 a - a ring of magical power
 w - a ring of flight (left branch)
 A - a +6 ring of dexterity (right branch)
Talismans
 c - a beast talisman (active)
 d - a flux talisman
 F - a blade talisman
Wands
 u - a wand of digging (5)
 z - a wand of flame (21)
Scrolls
 e - a scroll of enchant armour
 f - 2 scrolls of teleportation
 l - a scroll of fear
 o - 3 scrolls of vulnerability {unknown}
 r - a scroll of revelation
 s - a scroll of amnesia {unknown}
 v - 2 scrolls of enchant weapon
 x - a scroll of acquirement {unknown}
 E - a scroll of summoning {unknown}
 G - a scroll of poison {unknown}
 H - a scroll of fog {unknown}
 I - a scroll of identify
Potions
 b - a potion of lignification
 h - 3 potions of might {unknown}
 k - a potion of degeneration {unknown}
 m - 2 potions of curing
 n - a potion of haste
 D - a potion of heal wounds {unknown}


   Skills:
 + Level 5.3 Fighting
 + Level 4.6 Short Blades
 + Level 4.6 Long Blades
 + Level 4.6 Axes
 + Level 4.6 Maces & Flails
 + Level 4.6 Polearms
 + Level 4.6 Staves
 + Level 4.6 Ranged Weapons
 + Level 4.6 Throwing
 + Level 4.6 Armour
 + Level 6.6 Dodging
 + Level 4.6 Stealth
 + Level 6.6 Shields
 + Level 8.1 Unarmed Combat
 + Level 4.6 Spellcasting
 + Level 3.8 Conjurations
 + Level 3.8 Hexes
 + Level 3.8 Summonings
 + Level 3.8 Necromancy
 + Level 3.8 Translocations
 + Level 3.8 Fire Magic
 + Level 3.8 Ice Magic
 + Level 3.8 Air Magic
 + Level 3.8 Earth Magic
 + Level 3.8 Alchemy
 + Level 5.1 Invocations
 + Level 4.6 Evocations
 + Level 7.8 Shapeshifting


You had 17 spell levels left.
You didn't know any spells.
Your spell library contained the following spells:

 Spells                   Type           Power      Damage    Failure   Level
 Ensorcelled Hibernation  Hex/Ice        18%        N/A       8%          2
 Lesser Beckoning         Tloc           18%        N/A       8%          2
 Fugue of the Fallen      Necr           9%         N/A       16%         3
 Gell's Gravitas          Tloc           9%         N/A       16%         3
 Teleport Other           Tloc           9%         N/A       16%         3
 Anguish                  Hex/Necr       4%         N/A       45%         4


Dungeon Overview and Level Annotations

Branches:
Dungeon (6/15)
 Temple: D:4-7

Altars:
Ashenzari
Makhleb
Qazlal
Trog
Wu Jian
Xom

Shops:
D:3 (   D:6 ?


Innate Abilities, Weirdness & Mutations

You are a tree.
Your roots penetrate the ground, keeping you stationary.
You cannot be teleported.
You are immune to unholy pain and torment.
Your maximum health is greatly increased.
Your equipment is partially melded.
((You have very sharp teeth.))
Your uncanny sense of smell can sniff out nearby items.
Your experience applies equally to all skills.


Message History

The Council accepts your kill.
The gnoll hits you from afar with a +0 halberd.
* * * LOW HITPOINT WARNING * * *
You smack the iguana!
The iguana is moderately wounded.
Your attacks no longer feel as feeble.
The gnoll hits you from afar with a +0 halberd.
* * * LOW HITPOINT WARNING * * *
You barely miss the iguana.
The iguana is moderately wounded.
The gnoll is no longer moving quickly.
The iguana bites you.
* * * LOW HITPOINT WARNING * * *
The gnoll hits you but does no damage.
You closely miss the iguana.
The iguana is moderately wounded.
The iguana bites you.
* * * LOW HITPOINT WARNING * * *
You barely miss the iguana.
The iguana is moderately wounded.
The gnoll hits you but does no damage. The iguana bites you.
* * * LOW HITPOINT WARNING * * *
You smack the iguana!
The iguana is severely wounded.
The gnoll barely misses you.
The iguana bites you but does no damage.
You hit the iguana but do no damage.
The iguana is severely wounded.
The gnoll hits you but does no damage.
The iguana hisses menacingly.
The iguana bites you but does no damage.
You smack the iguana!
You kill the iguana!
The Council accepts your kill.
The gnoll hits you from afar with a +0 halberd.
* * * LOW HITPOINT WARNING * * *
You feel attractive to monsters. The gnoll hits you but does no damage.
The gnoll is attracted toward you.
Unknown command.
You hit the gnoll but do no damage. The gnoll hits you with a +0 halberd!
You die...

######........[
....
#...............
....
######..........
.... #..........
.... #..........
....
##..........
....
####...........
....
#..............
...
######.♣)......
.. ###g###### .
§.# g... .....
###.... ##.. .(


You could see 2 gnolls.

Vanquished Creatures
  Prince Ribbit (D:5)
  Grinder (D:4)
  Edmund (D:4)
  Duvessa (D:5)
  2 sky beasts
  2 black bears
  5 ogres
  2 phantoms
  Blork the orc (D:4)
  A bullfrog (D:5)
  2 scorpions
  Dowan (D:5)
  5 hounds
  A bombardier beetle (D:4)
  A jelly (D:4)
  2 orc priests
  A gnoll bouda (D:6)
  3 orc wizards
  4 iguanas
  11 gnolls
  13 adders
  A shadow imp (D:3)
  A white imp (D:6)
  2 dart slugs
  4 ribbon worms
  20 orcs
  8 ball pythons
  8 bats
  10 endoplasms
  3 giant cockroaches
  6 goblins
  10 hobgoblins
  10 jackals
  6 quokkas
  4 frilled lizards
  5 kobolds
  4 rats
163 creatures vanquished.

Notes
Turn   | Place    | Note
-------+----------+-------------------------------------------
     0 | D:1      | monsoonserge the Gnoll Shapeshifter began the quest for the
                  | Orb.
     0 | D:1      | Reached XP level 1. HP: 17/17 MP: 1/1
    66 | D:1      | Reached XP level 2. HP: 23/23 MP: 2/2
   317 | D:1      | Reached XP level 3. HP: 28/28 MP: 3/3
   916 | D:2      | Found a burning altar of Makhleb.
   957 | D:2      | Reached skill level 1 in Invocations
   972 | D:2      | Reached skill level 1 in Short Blades
   972 | D:2      | Reached skill level 1 in Long Blades
   972 | D:2      | Reached skill level 1 in Axes
   972 | D:2      | Reached skill level 1 in Maces & Flails
   972 | D:2      | Reached skill level 1 in Polearms
   972 | D:2      | Reached skill level 1 in Staves
   972 | D:2      | Reached skill level 1 in Ranged Weapons
   972 | D:2      | Reached skill level 1 in Throwing
   972 | D:2      | Reached skill level 1 in Armour
   972 | D:2      | Reached skill level 1 in Stealth
   972 | D:2      | Reached skill level 1 in Shields
   972 | D:2      | Reached skill level 1 in Spellcasting
   972 | D:2      | Reached skill level 1 in Evocations
  1095 | D:2      | Reached XP level 4. HP: 30/34 MP: 5/5
  1661 | D:3      | Reached skill level 1 in Conjurations
  1661 | D:3      | Reached skill level 1 in Hexes
  1661 | D:3      | Reached skill level 1 in Summonings
  1661 | D:3      | Reached skill level 1 in Necromancy
  1661 | D:3      | Reached skill level 1 in Translocations
  1661 | D:3      | Reached skill level 1 in Fire Magic
  1661 | D:3      | Reached skill level 1 in Ice Magic
  1661 | D:3      | Reached skill level 1 in Air Magic
  1661 | D:3      | Reached skill level 1 in Earth Magic
  1661 | D:3      | Reached skill level 1 in Alchemy
  1759 | D:3      | Found a stormy altar of Qazlal.
  1759 | D:3      | Noticed a sky beast
  1769 | D:4      | Noticed Grinder
  1780 | D:4      | Killed Grinder
  1781 | D:4      | Reached skill level 5 in Dodging
  1781 | D:4      | Reached XP level 5. HP: 18/41 MP: 5/7
  1781 | D:4      | Reached XP level 6. HP: 20/47 MP: 5/8
  2025 | D:3      | Found a shimmering altar of Xom.
  2323 | D:3      | Found Bethrolea's Antique Weapon Shoppe.
  2688 | D:3      | Killed a sky beast
  2689 | D:3      | Reached skill level 7 in Unarmed Combat
  2689 | D:3      | Reached XP level 7. HP: 51/52 MP: 10/10
  3066 | D:3      | Found a bloodstained altar of Trog.
  3621 | D:4      | Found a broken altar of Ashenzari.
  3650 | D:4      | Noticed Blork the orc
  3950 | D:4      | Killed Blork the orc
  4122 | D:4      | Reached XP level 8. HP: 60/60 MP: 12/12
  4143 | D:4      | Noticed Edmund
  4157 | D:4      | Killed Edmund
  4483 | D:4      | Reached skill level 5 in Shields
  4641 | D:5      | Entered Level 5 of the Dungeon
  4660 | D:5      | Noticed Prince Ribbit
  4822 | D:5      | Noticed Dowan
  4823 | D:5      | Noticed Duvessa
  4834 | D:5      | Killed Duvessa
  4841 | D:5      | Killed Dowan
  4878 | D:5      | Killed Prince Ribbit
  4879 | D:5      | Reached XP level 9. HP: 62/67 MP: 13/15
  5268 | D:5      | Reached skill level 5 in Fighting
  5671 | D:6      | Reached skill level 8 in Unarmed Combat
  5909 | D:6      | Reached skill level 5 in Invocations
  5981 | D:6      | Found an ornate altar of the Wu Jian Council.
  6013 | D:6      | Became a worshipper of the Wu Jian Council
  6052 | D:6      | Found Neleh's Magic Scroll Shoppe.
  6412 | D:6      | HP: 5/102 [gnoll/+0 halberd[a gnoll bouda] (3)]
  6414 | D:6      | Slain by a gnoll

Illustrated notes

Levels and vault maps discovered:
D:1:      lemuel_arrival_hallway, layout_loops_ring, roderic_lattice_a
D:2:      minmay_diamond_boxcup, layout_loops_cross, basic_altar,
          minmay_stone_trees_small
D:3:      layout_basic, overflow_temple_1_default, xom_butterflies,
          nicolae_qazlal_beasts_of_the_sky, serial_shops,
          nicolae_shop_tiny_waterfront, nrook_campfire,
          minmay_tree_intersection, kennysheep_nondescript
D:4:      minmay_polygon_palace, layout_rooms, mainiacjoe_overflow_alcove_2,
          minmay_misc_feat_square, columned_hall_lemuel, uniq_grinder,
          uniq_blork_the_orc, uniq_edmund
D:5:      layout_loops_ring, uniq_duvessa, uniq_prince_ribbit1
D:6:      layout_layer_cave, mainiacjoe_overflow_six_doors_small, serial_shops,
          shop

Skill      XL: |  1  2  3  4  5  6  7  8  9 |
---------------+----------------------------+-----
Invocations    | 1 2 3 4 5 |  5.1
Short Blades   | 1 2 3 4 |  4.6
Long Blades    | 1 2 3 4 |  4.6
Axes           | 1 2 3 4 |  4.6
Maces & Flails | 1 2 3 4 |  4.6
Polearms       | 1 2 3 4 |  4.6
Staves         | 1 2 3 4 |  4.6
Ranged Weapons | 1 2 3 4 |  4.6
Throwing       | 1 2 3 4 |  4.6
Armour         | 1 2 3 4 |  4.6
Stealth        | 1 2 3 4 |  4.6
Shields        | 1 2 3 4 5 6 |  6.6
Spellcasting   | 1 2 3 4 |  4.6
Evocations     | 1 2 3 4 |  4.6
Conjurations   | 1 2 3 |  3.8
Hexes          | 1 2 3 |  3.8
Summonings     | 1 2 3 |  3.8
Necromancy     | 1 2 3 |  3.8
Translocations | 1 2 3 |  3.8
Fire Magic     | 1 2 3 |  3.8
Ice Magic      | 1 2 3 |  3.8
Air Magic      | 1 2 3 |  3.8
Earth Magic    | 1 2 3 |  3.8
Alchemy        | 1 2 3 |  3.8
Fighting       | 3 4 5 |  5.3
Dodging        | 5 6 |  6.6
Unarmed Combat | 7 8 |  8.1
Shapeshifting  | 7 |  7.8

Action                     |  1- 3 |  4- 6 |  7- 9 || total
---------------------------+-------+-------+-------++-------
  Melee: Unarmed           |    60 |   144 |   281 ||   485
         Bite              |     2 |    16 |    31 ||    49
         Punch             |     4 |     2 |     9 ||    15
  Throw: Dart              |       |       |    29 ||    29
         Boomerang         |       |       |    20 ||    20
    Use: Scroll            |       |       |     8 ||     8
         Potion            |       |       |     2 ||     2
   Stab: Sleeping          |     1 |       |       ||     1
 Armour: Animal skin       |    15 |       |       ||    15
         Ring mail         |    14 |    20 |       ||    34
         Skin              |       |    29 |    61 ||    90
         Chain mail        |       |       |   111 ||   111
  Dodge: Dodged            |    27 |   101 |   119 ||   247
   Form: Flux              |       |     1 |     1 ||     2
         Beast             |       |       |     2 ||     2
